 Dungeon Crawl Stone Soup version 0.26-a0-412-ga3d1f51b (webtiles) character file.

Game seed: 2910579636490762390

254 Illumine the Skirmisher (level 6, 0/66 HPs)
             Began as an Ogre Hunter on July 24, 2020.
             Slain by an adder (1 damage)
             ... on level 3 of the Dungeon.
             The game lasted 00:06:23 (4161 turns).

Illumine the Skirmisher (Ogre Hunter)               Turns: 4161, Time: 00:06:23

Health: 0/66       AC:  3    Str: 19    XL:     6   Next: 15%
Magic:  6/6        EV: 10    Int: 12    God:
Gold:   99         SH:  0    Dex:  9    Spells: 5/5 levels left

rFire    + . .     SeeInvis .   p - +0 giant spiked club
rCold    + . .     Faith    .   (shield currently unavailable)
rNeg     . . .     Spirit   .   s - +0 robe {rC+ rF+}
rPois    .         Reflect  .   (helmet restricted)
rElec    .         Harm     .   (no cloak)
rCorr    .                      (gloves unavailable)
MR       .....                  (boots unavailable)
Stlth    +.........             (no amulet)
HPRegen  0.21/turn              (no ring)
MPRegen  0.10/turn              (no ring)

@: mighty, brilliant, lethally poisoned (0 -> -5), about to teleport, lightly
drained
A: large, unfitting armour, horns 1, screaming 1, tough skin 1
a: no special abilities


You were on level 3 of the Dungeon.
You visited 1 branch of the dungeon, and saw 3 of its levels.

You collected 99 gold pieces.

Inventory:

Hand Weapons
 a - a +0 short sword
 j - a +0 club
 p - a +0 giant spiked club (weapon)
Missiles
 c - 5 large rocks (quivered)
 d - 2 throwing nets
 f - 109 stones
 h - 8 curare-tipped darts
 r - 14 boomerangs
Armour
 b - a +0 robe
 s - a +0 robe of resistance (worn)
Scrolls
 g - a scroll of fog {unknown}
 i - a scroll of teleportation
 k - a scroll of noise {unknown}
 l - 3 scrolls of enchant weapon {unknown}
 n - a scroll of remove curse {unknown}
 o - a scroll of enchant armour {unknown}
 q - 2 scrolls of immolation {unknown}
 t - 4 scrolls of identify {unknown}


   Skills:
 + Level 5.0(4.6) Fighting
 * Level 3.8(3.3) Maces & Flails
 - Level 4.1(3.7) Throwing
 - Level 2.3(1.9) Dodging
 - Level 0.6(0.2) Stealth


You had 5 spell levels left.
You didn't know any spells.
Your spell library was empty.

Dungeon Overview and Level Annotations

Branches:
Dungeon (3/15)

Altars:
Ashenzari


Innate Abilities, Weirdness & Mutations

You are too large for most types of armour.
You have tough skin. (AC +1)
You have a pair of small horns on your head.
You occasionally shout uncontrollably at your foes.


Message History

* * * LOW HITPOINT WARNING * * *
You are more poisoned.
The adder poisons you!
It was a potion of might.
You feel very mighty all of a sudden.
* * * LOW HITPOINT WARNING * * *
You feel sick.
The adder bites you but does no damage. x2
It was a potion of brilliance.
You feel clever all of a sudden.
* * * LOW HITPOINT WARNING * * *
You feel sick. The adder bites you but does no damage.
Okay, then.
As you read the scroll labeled USE IWEVAPNEU, it crumbles to dust.
You feel strangely unstable.
It was a scroll of teleportation.
* * * LOW HITPOINT WARNING * * *
You feel sick. The adder bites you but does no damage.
Unknown command.
* * * LOW HITPOINT WARNING * * *
You feel sick. The adder bites you.
You die...

...#########.#
...# #.......#
...#
#.###########
...#
#.#.........#
...#
#.##....###.#
...# #.#####.#
#.# ..##
#.#####.# #.#
..# #.......#
#.# ..#
######### #@#
..# #S# ###
#.# #.# #.#
#.# #.# #.#
#(#


You could see an adder.

Vanquished Creatures
  An ogre (D:2)
  An orc wizard (D:3)
  A worker ant (D:2)
  3 gnolls (D:2)
  2 adders (D:2)
  An ooze (D:1)
  An adder skeleton (D:3)
  6 worms (D:2)
  2 leopard geckos
  6 orcs
  2 giant cockroaches (D:2)
  A goblin (D:2)
  4 hobgoblins
  4 jackals
  6 bats
  5 frilled lizards
  A kobold (D:2)
  4 rats
51 creatures vanquished.

Notes
Turn   | Place    | Note
-------+----------+-------------------------------------------
     0 | D:1      | Illumine the Ogre Hunter began the quest for the Orb.
     0 | D:1      | Reached XP level 1. HP: 22/22 MP: 1/1
   275 | D:1      | Reached skill level 3 in Fighting
   275 | D:1      | Reached XP level 2. HP: 28/31 MP: 2/2
  1085 | D:2      | Reached skill level 1 in Maces & Flails
  1085 | D:2      | Reached XP level 3. HP: 6/37 MP: 3/3
  2082 | D:2      | Reached XP level 4. HP: 48/48 MP: 4/4
  2222 | D:2      | Noticed an ogre
  2235 | D:2      | Killed an ogre
  2235 | D:2      | Reached skill level 4 in Fighting
  2235 | D:2      | Reached XP level 5. HP: 32/55 MP: 5/5
  3740 | D:3      | Found a shattered altar of Ashenzari.
  3746 | D:3      | Noticed a phantom
  3794 | D:2      | Reached XP level 6. HP: 47/65 MP: 6/6
  3897 | D:3      | Reached skill level 5 in Fighting
  4157 | D:3      | Gained mutation: You have a pair of small horns on your
                  | head. [potion of mutation]
  4157 | D:3      | Gained mutation: You occasionally shout uncontrollably at
                  | your foes. [potion of mutation]
  4157 | D:3      | Gained mutation: You do not regenerate when monsters are
                  | visible. [potion of mutation]
  4157 | D:3      | Lost mutation: You do not regenerate when monsters are
                  | visible. [potion of mutation]
  4159 | D:3      | HP: 3/66 [poisoned by an adder]
  4161 | D:3      | HP: 1/66 [poisoned by an adder]
  4161 | D:3      | Slain by an adder

Illustrated notes

Levels and vault maps discovered:
D:1:      mrwooster_arrival_arrow, layout_basic
D:2:      layout_basic
D:3:      layout_basic, nicolae_overflow_hidden_temple, lemuel_crystal_altar,
          lemuel_coloured_pillars_altar, uniq_jessica

Skill      XL: |  1  2  3  4  5  6 |
---------------+-------------------+-----
Fighting       | 3 4 5 |  5.0
Dodging        | 2 |  2.3
Maces & Flails | 1 3 |  3.8
Throwing       | |  4.1
Stealth        | |  0.6

Action                   |  1- 3 |  4- 6 || total
-------------------------+-------+-------++-------
Melee: Short sword       |    20 |       ||    20
       Club              |    54 |    11 ||    65
       Giant spiked club |       |   117 ||   117
Throw: Stone             |    51 |    32 ||    83
       Large rock        |     7 |    18 ||    25
       Boomerang         |       |    15 ||    15
  Use: Potion            |       |     3 ||     3
       Scroll            |       |     1 ||     1
Armor: Robe              |    31 |    59 ||    90
Dodge: Dodged            |    62 |   147 ||   209

Table legend: (Time is in decaauts)
 A = Elapsed time spent in this place.
 B = Non-inter-level travel time spent in this place.
 C = Inter-level travel time spent in this place.
 D = Time resting spent in this place.
 E = Time spent auto-exploring this place.
 F = Levels seen in this place.
 G = Mean time per level.
                   A        B        C        D        E       F      G
               +--------+--------+--------+--------+--------+-----+--------+
         Total |   4276 |   4216 |     60 |   1999 |   1500 |   3 | 1425.3 |
       Dungeon |   4276 |   4216 |     60 |   1999 |   1500 |   3 | 1425.3 |
               +--------+--------+--------+--------+--------+-----+--------+

Top non-repeatable levels by time:
     D:2: 2967 daAuts
     D:1: 744 daAuts
     D:3: 564 daAuts
